 Dungeon Crawl Stone Soup version 0.30.1-11-g7821555f0a (webtiles) character file.

Game seed: 5534254912059281670

148 Dillybarz the Trooper (level 5, -2/47 HPs)
             Began as a Minotaur Fighter on Oct 31, 2023.
             Slain by a gnoll
             ... wielding a +0 halberd
              (5 damage)
             ... on level 3 of the Dungeon.
             The game lasted 00:04:34 (1349 turns).

Dillybarz the Trooper (Minotaur Fighter)            Turns: 1349, Time: 00:04:34

Health: -2/47      AC: 11    Str: 22    XL:     5   Next: 8%
Magic:  4/4        EV:  8    Int:  5    God:
Gold:   85         SH:  4    Dex: 10    Spells: 4/4 levels left

rFire   . . .        a - +0 war axe
rCold   + . .        c - +0 buckler
rNeg    . . .        o - +2 chain mail {rC+}
rPois   .            (helmet restricted)
rElec   .            (no cloak)
rCorr   .            (no gloves)
SInv    .            (no boots)
Will    .....        (no amulet) Stlth
                     (no ring)
HPRegen 0.27/turn    (no ring)
MPRegen 0.09/turn

%: no passive effects
@: no status effects
A: horns 2, retaliatory headbutt
a: no special abilities


You were on level 3 of the Dungeon.
You visited 1 branch of the dungeon, and saw 3 of its levels.

You collected 85 gold pieces.

Inventory:

Hand Weapons
 a - a +0 war axe (weapon)
Missiles
 g - 6 atropa-tipped darts (quivered)
 h - 18 stones
 j - 14 poisoned darts
Armour
 c - a +0 buckler (worn)
 o - a +2 chain mail of cold resistance (worn)
Jewellery
 k - a ring of fire
Wands
 m - a wand of flame (9)
Scrolls
 e - 4 scrolls of identify {unknown}
 n - a scroll of butterflies {unknown}
Potions
 d - a potion of might
 f - a potion of cancellation {unknown}
 i - 3 potions of curing {unknown}
 l - a potion of degeneration {unknown}


   Skills:
 + Level 4.5 Fighting
 * Level 4.4 Axes
 + Level 4.4 Armour
 + Level 4.5 Shields


You had 4 spell levels left.
You didn't know any spells.
Your spell library contained the following spells:

 Spells                   Type           Power      Damage    Failure   Level
 Beastly Appendage        Tmut           0%         N/A       99%         1
 Wereblood                Tmut           0%         N/A       99%         2
 Spider Form              Tmut/Pois      0%         N/A       100%        3


Dungeon Overview and Level Annotations

Branches:
Dungeon (3/15)

Altars:


Innate Abilities, Weirdness & Mutations

You have a pair of horns on your head.
You reflexively headbutt those who attack you in melee.


Message History

The gnoll barely misses you.
You slash the gnoll!
The gnoll is heavily wounded.
The gnoll hits you from afar with a +0 halberd!
The gnoll barely misses you.
You barely miss the gnoll.
The gnoll is heavily wounded.
The gnoll hits you from afar with a +0 halberd. x2
You block the gnoll's attack.
The gnoll hits you from afar with a +0 halberd.
The gnoll hits you but does no damage.
The gnoll hits you from afar with a +0 halberd.
You hit the gnoll but do no damage.
The gnoll is heavily wounded.
The gnoll hits you from afar with a +0 halberd.
The gnoll hits you but does no damage.
The gnoll hits you from afar with a +0 halberd.
You slash the gnoll!
You kill the gnoll!
The gnoll hits you from afar with a +0 halberd!
* * * LOW HITPOINT WARNING * * *
The gnoll hits you but does no damage.
An orc comes into view. It is wielding a +0 hand axe.
You block the gnoll's attack. The gnoll hits you but does no damage.
An orc comes into view. It is wielding a +0 dagger.
You see here a +0 whip.
You completely miss the gnoll. Your headbutt misses the gnoll.
You hit the gnoll. The gnoll barely misses you.
The gnoll hits you with a +0 halberd.
* * * LOW HITPOINT WARNING * * *
The gnoll hits you with a +0 halberd.
* * * LOW HITPOINT WARNING * * *
The gnoll barely misses you.
The gnoll hits you from afar with a +0 halberd.
* * * LOW HITPOINT WARNING * * *
The gnoll hits you but does no damage.
An endoplasm comes into view.
The endoplasm quivers.
The gnoll hits you from afar with a +0 halberd.
You die...

#... ###. #... #....
####... #...##
......o#######...##
#g)o.#.......#
####g#.#...<.#
#g#.#.....#
#...#.....#
###.@......########
#...................
#.##.####.#########.
# #.# #......... #.#
#..####### #.# #..#
#J# #..# #.. ...#
##.#


You could see 2 gnolls, an orc and an endoplasm.

Vanquished Creatures
  Jessica (D:2)
  Terence (D:2)
  3 adders (D:2)
  A gnoll (D:3)
  3 worms (D:2)
  2 dart slugs
  3 bats
  9 endoplasms
  4 goblins
  3 hobgoblins
  4 jackals (D:2)
  6 ball pythons
  A frilled lizard (D:2)
  3 kobolds
  4 rats
48 creatures vanquished.

Notes
Turn   | Place    | Note
-------+----------+-------------------------------------------
     0 | D:1      | Dillybarz the Minotaur Fighter began the quest for the Orb.
     0 | D:1      | Reached XP level 1. HP: 19/19 MP: 0/0
   175 | D:1      | Reached XP level 2. HP: 27/27 MP: 1/1
   597 | D:2      | Found a faded altar of an unknown god.
   614 | D:2      | Reached XP level 3. HP: 27/33 MP: 2/2
   794 | D:2      | Noticed Jessica
   800 | D:2      | Killed Jessica
   801 | D:2      | Reached XP level 4. HP: 36/40 MP: 3/3
   906 | D:2      | Noticed Terence
   908 | D:2      | Killed Terence
  1198 | D:2      | Reached XP level 5. HP: 44/47 MP: 4/4
  1344 | D:3      | HP: 1/47 [gnoll/+0 halberd (3)]
  1349 | D:3      | Slain by a gnoll

Illustrated notes

Levels and vault maps discovered:
D:1:      eino_arrival_cavern_b, layout_rooms
D:2:      layout_basic, hellmonk_ecumenical_altar_pennies_from_heaven,
          uniq_terence, uniq_jessica
D:3:      layout_loops_ring, mainiacjoe_overflow_two_lobes, serial_shops,
          nicolae_shop_real_fake_doors, nicolae_elevator_lobby_plus

Skill      XL: |  1  2  3 |
---------------+----------+-----
Axes           | 3 4 |  4.4
Fighting       | 4 |  4.5
Armour         | 4 |  4.4
Shields        | 4 |  4.5

Action                     |  1- 3 |  4- 6 || total
---------------------------+-------+-------++-------
  Melee: War axe           |    65 |    35 ||   100
         Headbutt          |     8 |     1 ||     9
 Armour: Scale mail        |    29 |    18 ||    47
         Chain mail        |       |     6 ||     6
  Dodge: Dodged            |    38 |    20 ||    58
  Block: Buckler           |    15 |     8 ||    23
